 Dungeon Crawl Stone Soup version 0.22-a0-369-gc73351f94e (webtiles) character file.

10784 D1HalberdGnoll the Prestidigitator (level 11, -6/84 HPs)
             Began as a Gnoll Artificer on Apr 24, 2018.
             Was a Follower of Nemelex Xobeh.
             Mangled by a two-headed ogre
             ... wielding a +0 giant spiked club
              (19 damage)
             ... on level 10 of the Dungeon.
             The game lasted 00:21:13 (11469 turns).

D1HalberdGnoll the Prestidigitator (GnAr)          Turns: 11469, Time: 00:21:13

Health: -6/84      AC: 14    Str: 17    XL:     11   Next: 67%
Magic:  38/38      EV: 17    Int: 16    God:    Nemelex Xobeh [*.....]
Gold:   484        SH:  0    Dex: 16    Spells: 18/22 levels left

rFire    . . .     SeeInvis .   a - +0 demon blade (freeze)
rCold    . . .     Gourm    .   (no shield)
rNeg     . . .     Faith    .   E - +0 acid dragon scales
rPois    +         Spirit   .   (no helmet)
rElec    .         Reflect  .   n - +2 cloak {rPois}
rCorr    +         Harm     .   h - +0 pair of gloves
MR       .....                  (no boots)
Stlth    +++.......             y - amulet of the acrobat
HPRegen  0.24/turn              l - ring of magical power
MPRegen  0.26/turn              u - ring of magical power

@: no status effects
A: distributed training, fangs 1, thin metallic scales 1, clever 1, strong nose
a: Renounce Religion


You were on level 10 of the Dungeon.
You worshipped Nemelex Xobeh.
Nemelex Xobeh was aware of your devotion.
You were hungry.

You visited 2 branches of the dungeon, and saw 11 of its levels.

You collected 484 gold pieces.

Inventory:

Hand Weapons
 a - a +0 demon blade of freezing (weapon)
 b - a +0 hand crossbow
Missiles
 m - 15 tomahawks (quivered)
 B - 41 bolts
Armour
 h - a +0 pair of gloves (worn)
 n - a +2 cloak of poison resistance (worn)
 E - +0 acid dragon scales (worn)
Magical Staves
 o - an uncursed staff of cold
Jewellery
 l - a ring of magical power (left hand)
 u - a ring of magical power (right hand)
 y - an amulet of the acrobat (around neck)
Wands
 d - a wand of enslavement (10)
 t - a wand of random effects (21)
 F - a wand of clouds (2)
 H - a wand of disintegration (11)
Scrolls
 g - 6 scrolls of identify
 k - 10 scrolls of remove curse
 p - 4 scrolls of teleportation
 q - a scroll of immolation {unknown}
 s - 2 scrolls of enchant weapon
 C - a scroll of fog
 D - a scroll of summoning
Potions
 i - 5 potions of haste
 j - a potion of curing
 r - 3 potions of mutation
 w - a potion of invisibility
 x - 2 potions of lignification
 z - a potion of flight
 G - a potion of resistance {unknown}
Miscellaneous
 e - a plain deck of escape {drawn: 3}
Comestibles
 f - 16 rations


   Skills:
 + Level 7.0 Fighting
 + Level 7.0 Short Blades
 + Level 6.4 Long Blades
 + Level 6.4 Axes
 + Level 6.4 Maces & Flails
 + Level 6.4 Polearms
 + Level 6.4 Staves
 + Level 6.4 Slings
 + Level 6.4 Bows
 + Level 6.4 Crossbows
 + Level 6.4 Throwing
 + Level 6.4 Armour
 + Level 8.0 Dodging
 + Level 6.9 Stealth
 + Level 6.4 Shields
 + Level 6.4 Unarmed Combat
 + Level 6.4 Spellcasting
 + Level 5.3 Conjurations
 + Level 5.3 Hexes
 + Level 5.3 Charms
 + Level 5.3 Summonings
 + Level 5.3 Necromancy
 + Level 5.3 Translocations
 + Level 5.3 Transmutations
 + Level 5.3 Fire Magic
 + Level 5.3 Ice Magic
 + Level 5.3 Air Magic
 + Level 5.3 Earth Magic
 + Level 5.3 Poison Magic
 + Level 7.0 Invocations
 + Level 9.2 Evocations


You had 18 spell levels left.
You knew the following spells:

 Your Spells              Type           Power        Failure   Level  Hunger
a - Summon Ice Beast      Ice/Summ       ###.....     19%         4    ####...


Dungeon Overview and Level Annotations

Branches:
Dungeon (10/15)            Temple (1/1) D:7
   Lair: D:8-11         Orc: D:9-12

Altars:
Ashenzari
Cheibriados
Dithmenos
Elyvilon
Fedhas
Gozag
Hepliaklqana
Kikubaaqudgha
Makhleb
Nemelex Xobeh
Okawaru
Qazlal
Ru
Sif Muna
Trog
Uskayaw
Vehumet
Wu Jian
Xom
Yredelemnul
Zin
The Shining One

Shops:
D:5 %   D:9 %


Innate Abilities, Weirdness & Mutations

Your experience applies equally to all skills.
You have very sharp teeth.
Your uncanny sense of smell can sniff out nearby items.
You are partially covered in thin metallic scales. (AC +2)
Your mind is acute. (Int +2)


Message History

You draw a card...
It is the Shaft.
A shaft materialises beneath you! The two-headed ogre closely misses you.
The two-headed ogre completely misses you.
The troll tries to recover its lost courage.
You slash the two-headed ogre! You freeze the two-headed ogre.
Your bite misses the two-headed ogre.
The two-headed ogre is severely wounded.
The two-headed ogre closely misses you. x2
You slash the two-headed ogre! You freeze the two-headed ogre.
The two-headed ogre is almost dead.
The two-headed ogre hits you with a giant spiked club!
* * * LOW HITPOINT WARNING * * *
The two-headed ogre closely misses you.
You barely miss the two-headed ogre.
The two-headed ogre is almost dead.
You barely miss the two-headed ogre. Your bite misses the two-headed ogre.
The two-headed ogre is almost dead.
The two-headed ogre hits you with a giant spiked club!!
You die...
Your body disappears without a glow.

####.......##.# #.#....
#.........(##.# #.#....
#.##.......##.# #.#.##.
##.......##.###.#.###
#...#####.......).###
#.##.###...........# #.
##.#.##..###.#..#
###.##)###....(...##.#..#
.........@O#.##...##.#..#
###.##.#####.# ##.....
.>. .# ....... #.#.. ..
...###. #


#FT ∆## ##.# ... .#.. #... You could see a two-headed ogre.

Vanquished Creatures
  Fannar (D:10)
  A queen ant (D:8)
  2 two-headed ogres (D:8)
  The ghost of Naab the Unseen, a novice SpEn of Dithmenos (D:8)
  Pikel (D:7)
  Joseph (D:7)
  The ghost of Mandevil the Skirmisher, an amateur CeNe (D:4)
  A hornet (D:10)
  A spriggan (D:8)
  The ghost of Mandevil the Skirmisher, an amateur CeNe (D:3)
  A steam dragon (D:8)
  19 soldier ants (D:8)
  2 sky beasts
  2 orc warriors
  A black bear (D:10)
  A hornet zombie (D:9)
  5 ice beasts
  3 phantoms
  5 centaurs
  4 ogres
  Blork the orc (D:5)
  6 bullfrogs
  2 wyvern skeletons
  3 jellies
  2 scorpions
  4 killer bees (D:8)
  2 howler monkeys (D:8)
  3 crimson imps
  A bullfrog zombie (D:8)
  A quasit (D:6)
  A centaur zombie (D:5)
  4 hounds
  An orc priest (D:5)
  An orc wizard (D:4)
  Terence (D:3)
  Ijyb (D:3)
  3 iguanas
  26 worker ants
  11 gnolls
  A howler monkey skeleton (D:6)
  7 adders
  2 shadow imps
  2 oozes
  An adder zombie (D:6)
  2 adder skeletons
  A worm (D:6)
  3 dart slugs (D:1)
  7 leopard geckos
  25 orcs
  4 ball pythons
  4 giant cockroaches
  8 goblins
  9 hobgoblins
  7 jackals
  A kobold (D:2)
  6 quokkas
  A ball python skeleton (D:5)
  7 bats
  A frilled lizard (D:3)
  A giant cockroach zombie (D:5)
  A jackal skeleton (D:4)
  A leopard gecko skeleton (D:8)
  5 rats
235 creatures vanquished.

Vanquished Creatures (others)
  Menkaure (D:7)
  A slave (D:8)
  A worm (D:3)
3 creatures vanquished.

Grand Total: 238 creatures vanquished

Notes
Turn   | Place    | Note
-------+----------+-------------------------------------------
     0 | D:1      | D1HalberdGnoll the Gnoll Artificer began the quest for the Orb.
     0 | D:1      | Reached XP level 1. HP: 17/17 MP: 4/4
   374 | D:1      | Reached XP level 2. HP: 22/23 MP: 6/6
   752 | D:1      | Reached XP level 3. HP: 28/28 MP: 7/7
  1278 | D:2      | Reached skill level 1 in Invocations
  1367 | D:2      | Found a radiant altar of Vehumet.
  1437 | D:2      | Found a faded altar of an unknown god.
  1563 | D:2      | Reached skill level 1 in Long Blades
  1563 | D:2      | Reached skill level 1 in Axes
  1563 | D:2      | Reached skill level 1 in Maces & Flails
  1563 | D:2      | Reached skill level 1 in Polearms
  1563 | D:2      | Reached skill level 1 in Staves
  1563 | D:2      | Reached skill level 1 in Slings
  1563 | D:2      | Reached skill level 1 in Bows
  1563 | D:2      | Reached skill level 1 in Crossbows
  1563 | D:2      | Reached skill level 1 in Throwing
  1563 | D:2      | Reached skill level 1 in Armour
  1563 | D:2      | Reached skill level 1 in Shields
  1563 | D:2      | Reached skill level 1 in Unarmed Combat
  1563 | D:2      | Reached skill level 1 in Spellcasting
  1670 | D:2      | Reached XP level 4. HP: 28/34 MP: 8/8
  1948 | D:3      | Noticed Mandevil's ghost (amateur CeNe)
  2265 | D:3      | Noticed Terence
  2328 | D:3      | Killed Terence
  2452 | D:3      | Reached skill level 1 in Conjurations
  2452 | D:3      | Reached skill level 1 in Hexes
  2452 | D:3      | Reached skill level 1 in Charms
  2452 | D:3      | Reached skill level 1 in Summonings
  2452 | D:3      | Reached skill level 1 in Necromancy
  2452 | D:3      | Reached skill level 1 in Translocations
  2452 | D:3      | Reached skill level 1 in Transmutations
  2452 | D:3      | Reached skill level 1 in Fire Magic
  2452 | D:3      | Reached skill level 1 in Ice Magic
  2452 | D:3      | Reached skill level 1 in Air Magic
  2452 | D:3      | Reached skill level 1 in Earth Magic
  2452 | D:3      | Reached skill level 1 in Poison Magic
  2481 | D:3      | Reached XP level 5. HP: 33/40 MP: 9/9
  2762 | D:3      | Noticed Ijyb
  3023 | D:3      | Killed Ijyb
  3202 | D:4      | Noticed an ogre
  3205 | D:4      | Killed an ogre
  3205 | D:4      | Reached XP level 6. HP: 32/47 MP: 11/11
  3224 | D:4      | Noticed Mandevil's ghost (amateur CeNe)
  3399 | D:4      | Reached skill level 5 in Dodging
  3780 | D:4      | Killed Mandevil's ghost
  3780 | D:4      | Reached skill level 7 in Evocations
  3780 | D:4      | Reached XP level 7. HP: 52/52 MP: 12/12
  4150 | D:5      | Entered Level 5 of the Dungeon
  4423 | D:3      | Killed Mandevil's ghost
  4423 | D:3      | Reached XP level 8. HP: 29/60 MP: 13/13
  4806 | D:5      | Found Roikhuec's Food Shoppe.
  5313 | D:5      | Found a shadowy altar of Dithmenos.
  5445 | D:5      | Noticed Blork the orc
  5460 | D:5      | Killed Blork the orc
  5744 | D:6      | Reached XP level 9. HP: 59/66 MP: 14/14
  6697 | D:7      | Noticed Pikel
  6717 | D:7      | Killed Pikel
  6717 | D:7      | Reached skill level 5 in Fighting
  6717 | D:7      | Reached skill level 5 in Short Blades
  6810 | D:7      | Found a glowing golden altar of the Shining One.
  6838 | D:7      | You fall through a shaft for 2 floors!
  6856 | D:8      | Reached skill level 5 in Stealth
  6888 | D:8      | Found a stormy altar of Qazlal.
  6891 | D:8      | Noticed Naab's ghost (novice SpEn)
  6905 | D:8      | Gained mutation: You are partially covered in thin metallic scales. (AC +2) [potion of mutation]
  6905 | D:8      | Gained mutation: Your mind is acute. (Int +2) [potion of mutation]
  7240 | D:7      | Found a staircase to the Ecumenical Temple.
  7255 | D:7      | Reached skill level 8 in Evocations
  7477 | Temple   | Entered the Ecumenical Temple
  7621 | Temple   | Became a worshipper of Nemelex Xobeh the Trickster
  7828 | D:7      | Noticed Menkaure
  7831 | D:7      | Noticed Joseph
  7836 | D:7      | Your ally died
  7842 | D:7      | Killed Joseph
  7842 | D:7      | Reached skill level 5 in Invocations
  8062 | D:8      | Noticed a two-headed ogre
  8066 | D:8      | Killed a two-headed ogre
  8066 | D:8      | Reached XP level 10. HP: 75/75 MP: 17/17
  8109 | D:8      | Reached skill level 5 in Long Blades
  8109 | D:8      | Reached skill level 5 in Axes
  8109 | D:8      | Reached skill level 5 in Maces & Flails
  8109 | D:8      | Reached skill level 5 in Polearms
  8109 | D:8      | Reached skill level 5 in Staves
  8109 | D:8      | Reached skill level 5 in Slings
  8109 | D:8      | Reached skill level 5 in Bows
  8109 | D:8      | Reached skill level 5 in Crossbows
  8109 | D:8      | Reached skill level 5 in Throwing
  8109 | D:8      | Reached skill level 5 in Armour
  8109 | D:8      | Reached skill level 5 in Shields
  8109 | D:8      | Reached skill level 5 in Unarmed Combat
  8109 | D:8      | Reached skill level 5 in Spellcasting
  8118 | D:8      | Killed Naab's ghost
  8612 | D:8      | Learned a level 4 spell: Summon Ice Beast
  8912 | D:8      | Reached XP level 11. HP: 55/82 MP: 19/19
  9029 | D:8      | Noticed a two-headed ogre
  9036 | D:8      | Killed a two-headed ogre
  9339 | D:8      | Noticed a queen ant
  9376 | D:8      | Reached skill level 9 in Evocations
  9404 | D:8      | Killed a queen ant
  9404 | D:8      | Reached skill level 5 in Conjurations
  9404 | D:8      | Reached skill level 5 in Hexes
  9404 | D:8      | Reached skill level 5 in Charms
  9404 | D:8      | Reached skill level 5 in Summonings
  9404 | D:8      | Reached skill level 5 in Necromancy
  9404 | D:8      | Reached skill level 5 in Translocations
  9404 | D:8      | Reached skill level 5 in Transmutations
  9404 | D:8      | Reached skill level 5 in Fire Magic
  9404 | D:8      | Reached skill level 5 in Ice Magic
  9404 | D:8      | Reached skill level 5 in Air Magic
  9404 | D:8      | Reached skill level 5 in Earth Magic
  9404 | D:8      | Reached skill level 5 in Poison Magic
  9713 | D:8      | Received a gift from Nemelex Xobeh
  9771 | D:8      | Found an opulent altar of Gozag.
  9775 | D:8      | Found a hide-covered altar of Uskayaw.
  9780 | D:8      | Found a blossoming altar of Fedhas.
 10345 | D:9      | Found Pypahepe's Food Shop.
 10516 | D:9      | Received a gift from Nemelex Xobeh
 10847 | D:10     | Entered Level 10 of the Dungeon
 10869 | D:10     | Noticed Fannar
 10922 | D:10     | Killed Fannar
 11174 | D:10     | Reached * piety under Nemelex Xobeh
 11179 | D:10     | Identified 2 scrolls of acquirement
 11452 | D:10     | Noticed a two-headed ogre
 11469 | D:10     | Mangled by a two-headed ogre

Vault maps used:
D:1:      minmay_arrival_wavy_path
D:2:      vehumet_crystals, chequers_ecumenical_altar_lobes, serial_glass,
          glass_columns_a, glass_columns_b, glass_columns_c, glass_columns_a,
          glass_columns_a, glass_columns_a, glass_columns_a, glass_columns_b,
          glass_columns_b, glass_columns_a
D:3:      first_ration, uniq_ijyb, uniq_terence
D:5:      lemuel_round_altar, serial_shops, shop, uniq_blork_the_orc
D:6:      grunt_ministairs_9
D:7:      minmay_temple_entry_trees, nicolae_tso_swordbearing_angel,
          uniq_menkaure, uniq_joseph, uniq_pikel
D:8:      grunt_qazlal_clouds, minmay_overflow_temple_star_quad, the_bakery,
          minivault_29
D:9:      serial_shops, nicolae_shop_stone
D:10:     david_orc_3, serial_shops, shop_statue, st_stairs_1, elyvilon_altar_4,
          uniq_fannar, uniq_erica
Temple:   regret_index_temple_sphere_string

Skill      XL: |  1  2  3  4  5  6  7  8  9 10 11 |
---------------+----------------------------------+-----
Invocations    | 1 2 3 4 5 6 7 |  7.0
Long Blades    | 1 2 3 4 5 6 |  6.4
Axes           | 1 2 3 4 5 6 |  6.4
Maces & Flails | 1 2 3 4 5 6 |  6.4
Polearms       | 1 2 3 4 5 6 |  6.4
Staves         | 1 2 3 4 5 6 |  6.4
Slings         | 1 2 3 4 5 6 |  6.4
Bows           | 1 2 3 4 5 6 |  6.4
Crossbows      | 1 2 3 4 5 6 |  6.4
Throwing       | 1 2 3 4 5 6 |  6.4
Armour         | 1 2 3 4 5 6 |  6.4
Shields        | 1 2 3 4 5 6 |  6.4
Unarmed Combat | 1 2 3 4 5 6 |  6.4
Spellcasting   | 1 2 3 4 5 6 |  6.4
Conjurations   | 1 2 3 4 5 |  5.3
Hexes          | 1 2 3 4 5 |  5.3
Charms         | 1 2 3 4 5 |  5.3
Summonings     | 1 2 3 4 5 |  5.3
Necromancy     | 1 2 3 4 5 |  5.3
Translocations | 1 2 3 4 5 |  5.3
Transmutations | 1 2 3 4 5 |  5.3
Fire Magic     | 1 2 3 4 5 |  5.3
Ice Magic      | 1 2 3 4 5 |  5.3
Air Magic      | 1 2 3 4 5 |  5.3
Earth Magic    | 1 2 3 4 5 |  5.3
Poison Magic   | 1 2 3 4 5 |  5.3
Fighting       | 3 4 5 6 7 |  7.0
Short Blades   | 3 4 5 6 7 |  7.0
Stealth        | 3 4 5 6 |  6.9
Dodging        | 5 6 7 8 |  8.0
Evocations     | 7 8 9 |  9.2

Action                   |  1- 3 |  4- 6 |  7- 9 | 10-12 || total
-------------------------+-------+-------+-------+-------++-------
Melee: Short sword       |   134 |    70 |   299 |   372 ||   875
       Bite              |     7 |    12 |    29 |    45 ||    93
       Punch             |     1 |       |     5 |    15 ||    21
       Rapier            |       |    20 |       |       ||    20
       Demon blade       |       |       |       |    26 ||    26
 Fire: Hand crossbow     |       |       |    38 |    28 ||    66
Throw: Tomahawk          |       |     2 |     5 |     8 ||    15
Evoke: Wand              |       |    20 |    19 |    24 ||    63
       Deck              |       |       |       |     7 ||     7
  Use: Scroll            |       |     2 |    12 |     5 ||    19
       Potion            |       |       |     7 |     1 ||     8
 Stab: Sleeping          |     3 |       |     3 |     3 ||     9
       Distracted        |       |       |       |     1 ||     1
       Confused          |       |       |       |     1 ||     1
  Eat: Chunk             |     2 |     7 |     8 |     6 ||    23
       Ration            |       |       |     2 |     1 ||     3
Armor: Ring mail         |    39 |     7 |       |       ||    46
       Chain mail        |       |    14 |    55 |       ||    69
       Acid dragon scale |       |       |    66 |    96 ||   162
Dodge: Dodged            |   126 |    54 |   202 |   260 ||   642
       Rpst.: Demon blade |       |       |       |     3 ||     3

Table legend:
 A = Spawn XP
 B = Non-spawn XP
 C = Spawn XP percentage of total XP
 D = Spawn monster count
 E = Non-spawn monster count
 F = Spawn count percentage of total count
 G = Total turns spent on level
                    A         B        C        D         E        F      G
               +---------+---------+-------+---------+---------+-------+---------
         Total |       0 |   15407 |   0.0 |       0 |     236 |   0.0 | 11469
               +---------+---------+-------+---------+---------+-------+---------
           D:1 |       0 |      39 |   0.0 |       0 |      17 |   0.0 |  1214
           D:2 |       0 |      54 |   0.0 |       0 |      23 |   0.0 |   839
           D:3 |       0 |     349 |   0.0 |       0 |      18 |   0.0 |  1471
           D:4 |       0 |     613 |   0.0 |       0 |      26 |   0.0 |  1047
           D:5 |       0 |     660 |   0.0 |       0 |      22 |   0.0 |   978
           D:6 |       0 |     967 |   0.0 |       0 |      22 |   0.0 |  1123
           D:7 |       0 |    1702 |   0.0 |       0 |      12 |   0.0 |  1177
           D:8 |       0 |    8240 |   0.0 |       0 |      66 |   0.0 |  2123
           D:9 |       0 |     943 |   0.0 |       0 |      12 |   0.0 |   720
          D:10 |       0 |    1840 |   0.0 |       0 |      18 |   0.0 |   622
               +---------+---------+-------+---------+---------+-------+---------
